 Dungeon Crawl Stone Soup version 0.32-a0-612-g1c984fe9d1 (webtiles) character file.

Game seed: 10134374289433920792

2144704 gimp the Intangible (level 27, 237/238 HPs)
             Began as a Coglin Fighter on Mar 5, 2024.
             Was the Champion of Wu Jian.
             Escaped with the Orb
             ... and 4 runes
             ... and 1 gem!
             The game lasted 02:59:27 (85934 turns).

gimp the Intangible (Coglin Fighter)               Turns: 85934, Time: 02:59:27

Health: 237/238    AC: 26    Str: 17    XL:     27
Magic:  20/20      EV: 35    Int:  9    God:    Wu Jian [******]
Gold:   7683       SH:  0    Dex: 26    Spells: 26/26 levels left

rFire   + + .        O - +8 demon blade "Leech" {evervamp, Harm ^Drain rN+}
rCold   + . .        E - +8 arc blade {discharge, rElec}
rNeg    + . .        Z - +5 ring mail {rF+}
rPois   +            o - +1 helmet of the Hurting Gods {Fly rPois}
rElec   +            b - +2 cloak
rCorr   .            R - +2 pair of gloves
SInv    +            q - +2 pair of boots
Will    +++..        (amulet unavailable)
Stlth   +            (ring unavailable)
HPRegen 0.59/turn    (ring unavailable)
MPRegen 0.17/turn    H - pneumatic core {rC+ Will+ Clar RMsl}

%: harm (+30% outgoing, +20% incoming), repel missiles, clarity
@: flying
A: off-hand wielding, slow wielding, warmup strikes, no jewellery, see
invisible, deformed body, fire resistance 1, low MP 1, subdued magic 1,
persistent drain
0: Orb of Zot
}: 4/15 runes: decaying, slimy, silver, gossamer
a: Renounce Religion, Wall Jump, Serpent's Lash, Heavenly Storm


You escaped.
You worshipped Wu Jian.
Wu Jian was exalted by your worship.
You visited 11 branches of the dungeon, and saw 53 of its levels.
You also visited: Bailey and Wizlab.

You collected 9314 gold pieces.
You spent 1631 gold pieces at shops.

Inventory:

Hand Weapons
 a - a +9 quick blade of electrocution {Ealamassi}
 g - a +9 demon blade of protection {Qing}
 E - the +8 arc blade (offhand) {discharge, rElec}
   (You found it on level 2 of the Depths)

   rElec:     It insulates you from electricity.
 O - the +8 demon blade "Leech" (weapon) {evervamp, Harm ^Drain rN+}
   (You took it off a deep elf demonologist on level 3 of the Elven Halls)

   rN+:       It protects you from negative energy.
   ^Drain:    It drains your maximum health when unequipped.
   Harm:      It increases damage dealt and taken.
Missiles
 y - 2 curare-tipped darts
 V - 2 throwing nets
Armour
 b - a +2 cloak (worn)
 d - the +2 faerie dragon scales {Will+ rCorr SInv}
   (You took it off the Enchantress on level 2 of the Depths)

   Will+:     It increases your willpower.
   SInv:      It lets you see invisible.
   rCorr:     It protects you from acid and corrosion.
 o - the +1 helmet of the Hurting Gods (worn) {Fly rPois}
   (You found it on level 13 of the Dungeon)

   rPois:     It protects you from poison.
   Fly:       It grants you flight.
 q - a +2 pair of boots (worn)
 R - a +2 pair of gloves (worn)
 Z - a +5 ring mail of fire resistance (worn)
Gizmo
 H - a pneumatic core (installed) {rC+ Will+ Clar RMsl}
   (You invented it yourself on level 13 of the Dungeon)

   [pneumatic core]

   rC+:       It protects you from cold.
   Will+:     It increases your willpower.
   Clar:      It protects you from confusion, rage, mesmerisation and fear.
   RMsl:      It protects you from missiles.
Wands
 c - a wand of flame (120)
 l - a wand of mindburst (50)
 s - a wand of paralysis (20)
 D - a wand of light (37)
 G - a wand of warping (64)
 P - a wand of digging (11)
 Q - a wand of polymorph (19)
Scrolls
 e - 4 scrolls of fear
 h - 9 scrolls of immolation
 i - 10 scrolls of enchant armour
 k - 11 scrolls of teleportation
 r - 3 scrolls of poison
 u - 4 scrolls of fog
 x - 5 scrolls of vulnerability
 z - 3 scrolls of blinking
 C - 2 scrolls of summoning
 I - 4 scrolls of revelation
 J - a scroll of silence
 N - 3 scrolls of enchant weapon
Potions
 f - 20 potions of curing
 j - 5 potions of magic
 m - 7 potions of mutation
 p - 3 potions of invisibility
 t - 4 potions of resistance
 v - 3 potions of cancellation
 L - 6 potions of enlightenment
 T - 2 potions of berserk rage
 W - 6 potions of ambrosia
 X - a potion of haste
Miscellaneous
 w - a box of beasts
 B - a condenser vane
 F - a phial of floods
 K - a lightning rod (4/4)
 M - a phantom mirror


   Skills:
 * Level 24.2 Fighting
 - Level 11.4(14.0) Short Blades
 - Level 14.2(16.1) Long Blades
 - Level 6.0 Maces & Flails
 + Level 20.6 Armour
 O Level 27 Dodging
 - Level 2.1 Shields
 - Level 19.0 Evocations


You had 26 spell levels left.
You didn't know any spells.
Your spell library contained the following spells:

 Spells                   Type           Power      Damage    Failure   Level
 Apportation              Tloc           0%         N/A       45%         1
 Foxfire                  Conj/Fire      0%         2x1d4     45%         1
 Freeze                   Ice            0%         1d3       45%         1
 Necrotise                Necr           0%         1d4       45%         1
 Sandblast                Erth           0%         2d4       45%         1
 Shock                    Conj/Air       0%         1d3       45%         1
 Slow                     Hex            0%         N/A       45%         1
 Sting                    Conj/Alch      0%         1d3       45%         1
 Summon Small Mammal      Summ           0%         N/A       45%         1
 Call Imp                 Summ           0%         N/A       61%         2
 Cigotuvi's Dreadful Rot  Necr/Alch/Air  0%         N/A       61%         2
 Ensorcelled Hibernation  Hex/Ice        0%         N/A       61%         2
 Lesser Beckoning         Tloc           0%         N/A       61%         2
 Mercury Vapours          Alch/Air       0%         N/A       61%         2
 Momentum Strike          Conj/Tloc      0%         3d8       61%         2
 Scorch                   Fire           0%         2d5       61%         2
 Static Discharge         Conj/Air       0%         3-3/arc   61%         2
 Sublimation of Blood     Necr           0%         N/A       61%         2
 Call Canine Familiar     Summ           0%         N/A       83%         3
 Confusing Touch          Hex            0%         N/A       83%         3
 Dazzling Flash           Conj/Hex       0%         N/A       83%         3
 Fugue of the Fallen      Necr           0%         N/A       83%         3
 Gell's Gravitas          Tloc           0%         N/A       83%         3
 Hailstorm                Conj/Ice       0%         3d5       83%         3
 Inner Flame              Hex/Fire       0%         N/A       83%         3
 Mephitic Cloud           Conj/Alch/Air  0%         N/A       83%         3
 Ozocubu's Armour         Ice            0%         N/A       83%         3
 Sigil of Binding         Hex            0%         N/A       83%         3
 Summon Ice Beast         Ice/Summ       0%         N/A       83%         3
 Teleport Other           Tloc           0%         N/A       83%         3
 Vampiric Draining        Necr           0%         2d6       83%         3
 Volatile Blastmotes      Fire/Tloc      0%         2d10      83%         3
 Airstrike                Air            0%         2d(0-16)  99%         4
 Anguish                  Hex/Necr       0%         N/A       99%         4
 Animate Armour           Summ/Erth      0%         N/A       99%         4
 Brom's Barrelling Bould  Conj/Erth      0%         2d3       99%         4
 Dimensional Bullseye     Hex/Tloc       0%         N/A       99%         4
 Flame Wave               Conj/Fire      0%         2d4       99%         4
 Fulminant Prism          Conj/Alch      0%         3d5       99%         4
 Iskenderun's Mystic Bla  Conj/Tloc      0%         2d3       99%         4
 Leda's Liquefaction      Alch/Erth      0%         N/A       99%         4
 Manifold Assault         Tloc           0%         N/A       99%         4
 Olgreb's Toxic Radiance  Alch           0%         N/A       99%         4
 Passage of Golubria      Tloc           0%         N/A       99%         4
 Petrify                  Alch/Erth      0%         N/A       99%         4
 Summon Blazeheart Golem  Fire/Summ      0%         N/A       99%         4
 Summon Lightning Spire   Summ/Air       0%         N/A       99%         4
 Vhi's Electric Charge    Tloc/Air       0%         N/A       99%         4
 Alistair's Intoxication  Alch           0%         N/A       100%        5
 Arcjolt                  Conj/Air       0%         1d10      100%        5
 Borgnjor's Vile Clutch   Necr/Erth      0%         N/A       100%        5
 Curse of Agony           Necr           0%         N/A       100%        5
 Freezing Cloud           Conj/Ice/Air   0%         6-21      100%        5
 Irradiate                Conj/Alch      0%         3d11      100%        5
 Lee's Rapid Deconstruct  Erth           0%         3d4*      100%        5
 Metabolic Englaciation   Hex/Ice        0%         N/A       100%        5
 Silence                  Hex/Air        0%         N/A       100%        5
 Bombard                  Conj/Erth      0%         9d1       100%        6
 Conjure Ball Lightning   Conj/Air       0%         3x3d6     100%        6
 Dispersal                Tloc           0%         N/A       100%        6
 Eringya's Noxious Bog    Alch           0%         4d6       100%        6
 Plasma Beam              Fire/Air       0%         2x1d10    100%        6
 Sculpt Simulacrum        Ice/Alch       0%         N/A       100%        6
 Starburst                Conj/Fire      0%         6d3       100%        6
 Summon Cactus Giant      Summ           0%         N/A       100%        6
 Haunt                    Necr/Summ      0%         N/A       100%        7
 Orb of Destruction       Conj           0%         9d5       100%        7
 Spellforged Servitor     Conj/Summ      0%         N/A       100%        7
 Summon Hydra             Summ           0%         N/A       100%        7
 Borgnjor's Revivificati  Necr           0%         N/A       100%        8
 Discord                  Hex            0%         N/A       100%        8
 Disjunction              Tloc           0%         N/A       100%        8
 Ignition                 Fire           0%         3d3       100%        8
 Lehudib's Crystal Spear  Conj/Erth      0%         10d2      100%        8
 Maxwell's Capacitive Co  Air            0%         ∞         100%        8
 Chain Lightning          Conj/Air       0%         N/A       100%        9
 Death's Door             Necr           0%         N/A       100%        9
 Fire Storm               Conj/Fire      0%         5d1       100%        9
 Polar Vortex             Ice            0%         N/A       100%        9
 Shatter                  Erth           0%         3d5*      100%        9


Dungeon Overview and Level Annotations

Branches:
Dungeon (15/15)            Temple (0/1) D:6            Lair (5/5) D:11
  Swamp (4/4) Lair:2       Spider (4/4) Lair:2        Slime (5/5) Lair:5
    Orc (2/2) D:10            Elf (3/3) Orc:2        Vaults (5/5) D:13
  Crypt (0/3) Vaults:3     Depths (4/4) D:15           Hell (visited)
    Zot (5/5) Depths:4     Bailey (visited)          WizLab (visited)
    Dis: Hell:1         Geh: Hell:1         Coc: Hell:1         Tar: Hell:1

Altars:
Ashenzari
Dithmenos
Fedhas
Gozag
Kikubaaqudgha
Makhleb
Ru
Sif Muna
Vehumet
Wu Jian
Yredelemnul
Beogh
Jiyva

Shops:
D:9 [=*?[   D:10 ?   Orc:2 *[:(   Elf:1 *   Vaults:3 [   Vaults:5 =
Depths:1 =::

Portals:
Hell: Depths:1 Depths:2 Depths:3 Depths:4
Abyss: Depths:2 Depths:3 Depths:4
Pandemonium: Depths:1 Depths:2 Depths:3
Ziggurat: Depths:1

Annotations:
Swamp:2 exclusion: 3 lightning spires
Depths:3 exclusion: door
Hell Geryon


Innate Abilities, Weirdness & Mutations

You can wield a second weapon in your off-hand.
It takes a long time for you to wield or remove held weapons.
Your first few attacks do less damage.
You cannot equip rings or amulets.
You have supernaturally acute eyesight. (SInv)
Armour fits poorly on your strangely shaped body.
Your flesh is heat resistant. (rF+)
Your magical capacity is low. (-10% MP)
Your spells are a little easier to cast, but a little less powerful.
Your health recovers twice as slowly from being drained.


Message History

There is a stone staircase leading up here.
You fly upwards.
There is a stone staircase leading down here.
You see here a +0 short sword.
A smoke demon comes into view.
The smoke demon gestures at you. The pyre arrow misses you.
You lunge at the smoke demon.
You slice the smoke demon with the +8 demon blade "Leech"!!
You kill the smoke demon!
The Council accepts your kill.
No target in view!
No target in view!
There is an open door here.
There is a stone staircase leading up here.
You fly upwards.
There is a stone staircase leading down here.
There is a stone staircase leading up here.
You fly upwards.
There is a stone staircase leading down here.
An Orb Guardian comes into view.
You slice the Orb Guardian with the +8 demon blade "Leech"!!
The Orb Guardian is moderately wounded.
You hit the Orb Guardian with the +8 arc blade.
The Orb Guardian hits you but does no damage.
You closely miss the Orb Guardian with the +8 demon blade "Leech".
The Orb Guardian is moderately wounded.
You hit the Orb Guardian with the +8 arc blade.
You barely miss the Orb Guardian with the +8 demon blade "Leech".
The Orb Guardian is heavily wounded.
You closely miss the Orb Guardian with the +8 arc blade.
The Orb Guardian misses you.
You slice the Orb Guardian with the +8 demon blade "Leech"!!
The Orb Guardian is severely wounded.
You hit the Orb Guardian but do no damage.
The Orb Guardian hits you!!
You take 25 damage, and have 213/238 hp.
You puncture the Orb Guardian with the +8 arc blade!
The arc blade crackles.
The Orb Guardian is struck by an arc of lightning!
You kill the Orb Guardian!
The Council accepts your kill. You resist.
You are struck by an arc of lightning.
You take 2 damage, and have 211/238 hp.
No target in view!
You see here a +0 hand axe.
There is a stone staircase leading up, spattered with blood here.
You fly upwards.
There is a stone staircase leading down, spattered with blood here.
Things that are here:
a +0 chain mail; a +0 hand axe; an orc skeleton A ynoxinul comes into view.
The ynoxinul bellows!
The ynoxinul moves out of view.
You regained 12 hp, and now have 223/238 hp.
The ynoxinul gestures.
You see here a hobgoblin skeleton.
The ufetubus attacks as it pursues you! The ufetubus completely misses you.
The ufetubus misses you. The ufetubus attacks as it pursues you!
The ufetubus completely misses you. x2
The ufetubus attacks as it pursues you! The ufetubus completely misses you.
The ufetubus misses you. x2; The ufetubus completely misses you.
The ufetubus attacks as it pursues you! The ufetubus completely misses you. x2
The ufetubus slips past you! The ufetubus misses you. x2
You barely miss the ufetubus with the +8 demon blade "Leech".
You puncture the ufetubus with the +8 arc blade!
You kill the ufetubus!
The ufetubus disappears in a puff of smoke!
The ufetubus slips past you! The ufetubus completely misses you. x2
You miss the ufetubus with the +8 demon blade "Leech".
You impale the ufetubus with the +8 arc blade!!
You kill the ufetubus!
The ufetubus disappears in a puff of smoke!
There is a stone staircase leading up here.
You fly upwards.
There is a stone staircase leading down here.
You regained 2 hp, and now have 232/238 hp.
HP restored.
There is a stone staircase leading up here.
You fly upwards.
A hellwing comes into view.
There is a stone staircase leading down here.
Health restored: 238 You puncture the hellwing with the +8 arc blade!
The hellwing is moderately wounded.
You slice the hellwing with the +8 demon blade "Leech"!!
You puncture the hellwing with the +8 arc blade!
You kill the hellwing!
The Council accepts your kill.
No target in view!
Aiming: Dig
Press: ? - help, Shift-Dir - straight line A rock wall.
This square is covered in magical glow.
The rock shatters into small pieces.
An Orb Guardian comes into view.
There is a staircase leading out of the dungeon here.
You see here a +0 buckler.
The Orb Guardian hits you.
You have escaped!

###############
#≈≈≈≈≈≈≈≈≈≈≈≈≈#
#≈≈≈≈≈≈≈≈≈≈≈≈≈#
#≈≈≈≈≈~~~~≈~≈≈#
#≈≈≈~~~~~~~≈≈≈# #####
#≈≈~~~...~~~≈≈# #...###
#≈≈~~..@X.~~≈≈# #.#....
#≈~~~~...~~≈≈≈# #.#....
#≈≈≈~~~~~~≈≈≈≈# #.#....
#≈≈≈≈~~~~≈≈≈≈≈# #.##...
#≈≈≈≈~~~~~≈≈≈≈# #.#....
#≈≈≈≈~≈~≈~≈≈≈≈####.#....
#≈≈≈≈~≈~≈~~≈≈≈.....#....
#≈≈≈~~≈~≈~~≈≈≈#.####....
#≈≈~~~~~≈≈~≈≈≈##.....###


You could see an Orb Guardian.

Vanquished Creatures
  the Royal Jelly (Slime:5)
  2 dread liches
  3 ancient liches
  Mara (Vaults:3)
  4 orbs of fire
  A juggernaut (Depths:3)
  Josephina (Zot:4)
  Vv (Depths:4)
  4 Killer Klowns
  2 caustic shrikes (Depths:2)
  Margery (Depths:4)
  2 curse toes
  6 golden dragons
  the Enchantress (Depths:2)
  Norris (Elf:2)
  Nikola (Swamp:2)
  A bone dragon (Depths:1)
  Arachne (Spider:3)
  A Brimstone Fiend (Depths:2)
  3 electric golems
  4 hellephants
  Jorgrun (Elf:1)
  Asterion (Spider:3)
  3 liches
  19 tentacled monstrosities
  An Ice Fiend (Depths:2)
  6 quicksilver dragons
  27 Orb Guardians
  2 deep elf master archers (Elf:3)
  A sphinx (Depths:4)
  3 deep elf blademasters
  16 acid blobs
  A walking frostbound tome (Depths:3)
  8 titans
  15 death cobs
  A thorn hunter (Swamp:4)
  9 tengu reavers
  9 shadow dragons
  An ancient champion (Depths:1)
  Donald (Swamp:2)
  13 storm dragons
  Aizul (Spider:3)
  6 draconian monks
  A demonspawn warmonger (Zot:5)
  A revenant (Vaults:3)
  9 rockslimes (Slime:5)
  6 draconian knights
  3 fire giants
  9 protean progenitors
  4 fenstrider witches
  3 iron dragons
  8 draconian scorchers
  8 azure jellies
  6 emperor scorpions
  6 frost giants
  5 deep elf elementalists
  6 ghost moths
  4 deep elf sorcerers
  6 balrugs
  Louise (Spider:1)
  8 draconian shifters
  20 ironbound preservers
  17 vault wardens
  6 draconian stormcallers
  A reaper (Zot:5)
  9 broodmothers
  4 spriggan defenders
  A cacodemon (Zot:5)
  12 stone giants
  5 draconian annihilators
  3 formless jellyfish
  An orc warlord (Orc:2)
  6 quicksilver oozes (Slime:5)
  9 deep elf demonologists
  5 ironbound thunderhulks
  15 very ugly things
  15 deep elf death magi
  Azrael (Orc:1)
  13 green draconians
  6 black draconians
  4 dire elephants
  12 red draconians
  5 bunyips
  A vampire knight (Depths:2)
  3 war gargoyles
  A demonspawn black sun (Zot:5)
  6 deep elf annihilators
  6 eleionomae
  5 spark wasps
  5 white draconians
  7 yellow draconians
  10 purple draconians
  A jiangshi (WizLab)
  A green death (Swamp:4)
  2 crystal guardians (Depths:2)
  A fire dragon (shapeshifter) (Vaults:3)
  9 yaktaur captains
  10 ettins
  4 fire dragons
  6 rakshasas
  6 deep elf high priests
  9 great orbs of eyes
  A peacekeeper (Vaults:3)
  5 entropy weavers
  2 salamander tyrants (Depths:2)
  The ghost of ForkInBrain the Carver, a journeyman CoGl (D:10)
  5 ice dragons
  35 vault guards
  6 ogre magi
  Erolcha (D:9)
  2 hell beasts
  3 spriggan skeletons (Depths:1)
  A jorogumo (Spider:4)
  15 hydras
  A sphinx zombie (D:15)
  19 centaur warriors
  4 spriggan air magi
  Erica (D:8)
  2 anacondas (Zot:3)
  3 radroaches
  4 ironbound frosthearts (Vaults:3)
  7 two-headed ogres
  6 catoblepae
  10 boulder beetles
  A ghost crab (Swamp:1)
  16 alligators
  33 dancing weapons
  A death knight (D:14)
  10 demonic crawlers
  4 deep troll shamans
  11 deep troll earth magi
  A sphinx skeleton (D:15)
  3 vampire magi
  14 death yaks
  5 tengu warriors
  11 hell knights
  7 spriggan berserkers
  10 hell hogs
  10 occultists
  25 deep elf knights
  3 orc high priests (Orc:2)
  15 spriggans
  Nergalle (D:12)
  4 goliath frogs
  A death drake (Swamp:4)
  4 sixfirhies (Swamp:4)
  12 pharaoh ants
  9 skeletal warriors
  3 sun demons (Zot:5)
  A spark wasp zombie (D:15)
  8 iron trolls
  3 skysharks (Elf:2)
  A death drake (shapeshifter) (Vaults:5)
  49 deep trolls
  11 orb spiders
  A large abomination (Zot:5)
  3 sun moths
  9 deep elf archers
  2 glowing orange brains
  7 steelbarb worms
  4 swamp dragons
  5 arcanists
  A spriggan druid (Swamp:4)
  6 bog bodies
  8 lindwurms
  Pikel (D:8)
  5 orc knights
  A lightning spire (Swamp:2)
  12 ironbound convokers
  A phantasmal warrior (Vaults:5)
  29 deep elf pyromancers
  12 orc sorcerers
  25 ugly things
  8 harpies (Vaults:1)
  5 necromancers
  25 deep elf zephyrmancers
  8 will-o-the-wisps
  2 oklob plants (Lair:3)
  35 wolf spiders
  4 manticores
  5 cyclopes
  34 moths of wrath
  A fire giant skeleton (Depths:1)
  5 elephants (Lair:5)
  A molten gargoyle (Depths:2)
  A meliai (Spider:4)
  4 black mambas
  3 kobold blastminers
  7 cane toads
  3 eyes of devastation
  10 torpor snails
  2 water nymphs (shapeshifter) (Vaults:5)
  3 orange demons
  A toenail golem (Depths:2)
  13 vault sentinels
  A smoke demon (D:6)
  2 gargoyles
  4 storm dragon simulacra
  An unseen horror (D:11)
  A tormentor (Depths:2)
  An efreet (D:14)
  2 freezing wraiths (Vaults:5)
  10 komodo dragons
  Psyche (D:9)
  4 kobold demonologists
  4 rime drakes
  40 yaktaurs
  7 tengu conjurers
  A red devil (Depths:2)
  6 hellwings
  16 tyrant leeches
  A polar bear (shapeshifter) (D:14)
  5 trolls
  5 polar bears
  4 wind drakes (Depths:2)
  Prince Ribbit (Lair:1)
  41 tarantellas
  A bloated husk (Swamp:2)
  20 hornets
  53 blink frogs
  3 glass eyes
  2 raiju (Depths:2)
  12 dream sheep
  A draconian simulacrum (Zot:4)
  A harpy (shapeshifter) (Vaults:5)
  35 jumping spiders
  52 slime creatures
  18 culicivoras
  An ettin skeleton (Depths:1)
  A centaur simulacrum (D:14)
  A shadow (D:11)
  2 air elementals (Elf:3)
  2 water elementals
  39 yaks
  A fire bat (shapeshifter) (Depths:4)
  3 vampires
  4 wyverns
  2 wraiths
  9 fire elementals
  3 golden eyes (Slime:3)
  9 vampire mosquitoes
  A warg (Orc:2)
  5 basilisks
  4 steam dragons
  55 redbacks
  13 swamp worms
  3 chaos spawn (Swamp:4)
  An acid dragon (D:10)
  14 water moccasins
  A moth of wrath simulacrum (Zot:4)
  2 hell hounds
  2 ice beasts
  A laughing skull (Vaults:3)
  43 orc warriors
  3 swamp drakes
  4 ogres
  16 wolves
  8 centaurs
  4 lemures
  2 phantoms
  A weeping skull (D:3)
  9 bullfrogs
  3 kobold brigands
  2 gnoll sergeants
  A scorpion (D:7)
  13 wights
  10 killer bees
  3 howler monkeys
  A crimson imp (D:12)
  4 hounds
  2 bombardier beetles
  5 jellies
  25 orc priests
  An iguana (D:11)
  A sleepcap (D:6)
  2 human skeletons
  29 orc wizards
  A hound skeleton (D:8)
  10 gnolls
  5 adders
  4 white imps
  2 ufetubi (D:6)
  5 dart slugs
  77 orcs
  7 endoplasms
  6 giant cockroaches
  7 goblins
  7 hobgoblins
  4 jackals
  5 quokkas
  4 ball pythons
  5 bats
  5 frilled lizards
  20 kobolds
  6 rats
  A spectral orc (D:3)
  6 aspiring fleshes
2191 creatures vanquished.

Vanquished Creatures (collateral kills)
  A spriggan defender (Depths:2)
  A two-headed ogre (D:12)
  A demonic crawler (Spider:3)
  Amaemon (Lair:1)
  2 orb spiders
  An orange demon (Swamp:4)
  A tarantella (Spider:2)
  2 jumping spiders (Spider:3)
  A redback (Spider:3)
11 creatures vanquished.

Vanquished Creatures (others)
  A deep elf death mage (Depths:3)
  A deep elf knight (Elf:2)
  A skyshark (Elf:2)
  A goliath frog (Swamp:3)
  A moth of wrath (Zot:3)
  2 bloated husks
  A jumping spider (Spider:2)
  A culicivora (Spider:2)
  An orc (Orc:1)
  30 foxfires
40 creatures vanquished.

Grand Total: 2242 creatures vanquished

Notes
Turn   | Place    | Note
-------+----------+-------------------------------------------
     0 | D:1      | gimp the Coglin Fighter began the quest for the Orb.
     0 | D:1      | Reached XP level 1. HP: 18/18 MP: 1/1
   111 | D:1      | Reached XP level 2. HP: 24/24 MP: 2/2
   548 | D:1      | Reached XP level 3. HP: 29/29 MP: 3/3
   604 | D:1      | Reached skill level 1 in Dodging
   886 | D:2      | Found a faded altar of an unknown god.
  1007 | D:2      | Identified the +8 sling of Destiny {heavy, *Slow Fly rElec
                  | Str+5}
  1406 | D:2      | Reached XP level 4. HP: 34/35 MP: 4/4
  1654 | D:3      | Found an opulent altar of Gozag.
  1783 | D:3      | Found a basalt altar of Yredelemnul.
  1783 | D:3      | Noticed a weeping skull
  1793 | D:3      | Killed a weeping skull
  1794 | D:3      | Reached XP level 5. HP: 26/42 MP: 5/5
  2294 | D:3      | Reached skill level 2 in Dodging
  2863 | D:4      | Reached XP level 6. HP: 48/48 MP: 6/6
  3107 | D:4      | Found an ancient bone altar of Kikubaaqudgha.
  3107 | D:4      | Found an ornate altar of the Wu Jian Council.
  3328 | D:4      | Reached skill level 5 in Long Blades
  3339 | D:4      | Became a worshipper of the Wu Jian Council
  3477 | D:5      | Entered Level 5 of the Dungeon
  3582 | D:5      | Reached XP level 7. HP: 46/55 MP: 7/7
  3739 | D:5      | Reached skill level 3 in Dodging
  3906 | D:5      | Found a sacrificial altar of Ru.
  4450 | D:6      | Noticed a yak
  4455 | D:6      | Reached skill level 5 in Fighting
  4459 | D:6      | Killed a yak
  4460 | D:6      | Reached XP level 8. HP: 37/62 MP: 8/8
  4835 | D:6      | Reached skill level 4 in Dodging
  5071 | D:6      | Reached * piety under Wu Jian
  5197 | D:6      | Found a staircase to the Ecumenical Temple.
  5546 | D:6      | Found a broken altar of Ashenzari.
  5698 | D:7      | Reached skill level 5 in Dodging
  5758 | D:7      | Reached XP level 9. HP: 40/68 MP: 9/9
  6596 | D:7      | Reached ** piety under Wu Jian
  6900 | D:8      | Reached skill level 6 in Dodging
  7114 | D:8      | Reached skill level 10 in Long Blades
  7398 | D:8      | Reached XP level 10. HP: 52/74 MP: 10/10
  7623 | D:8      | Noticed Erica
  7664 | D:8      | Reached skill level 7 in Dodging
  7717 | D:8      | HP: 2/74 [poisoned by Erica (bolt of poison)]
  7865 | D:8      | Killed Erica
  8238 | D:8      | Found a burning altar of Makhleb.
  8305 | D:9      | Noticed Psyche
  8305 | D:9      | Found Lebepiuj's Antique Armour Shoppe.
  8326 | D:9      | Killed Psyche
  8512 | D:9      | Found Zeule's Magic Scroll Shop.
  8516 | D:9      | Bought 2 scrolls of identify for 56 gold pieces
  8516 | D:9      | Bought a scroll of fear for 56 gold pieces
  8516 | D:9      | Bought a scroll of revelation for 105 gold pieces
  8568 | D:9      | Found a flagged portal.
  8569 | D:9      | Noticed Pikel
  8592 | Bailey   | Entered a bailey
  8972 | Bailey   | Reached *** piety under Wu Jian
  9192 | Bailey   | Noticed an orc knight
  9506 | D:8      | Killed Pikel
  9607 | D:9      | Reached skill level 8 in Dodging
  9644 | D:9      | Noticed an eight-headed hydra
  9654 | D:9      | Reached XP level 11. HP: 70/84 MP: 11/11
  9664 | D:9      | Reached XP level 12. HP: 83/100 MP: 12/12
  9671 | D:9      | Killed a five-headed hydra
  9672 | D:9      | Reached skill level 1 in Evocations
  9935 | D:9      | Noticed Erolcha
  9968 | D:9      | Killed Erolcha
 10189 | D:9      | Found Isakhauc's Armour Boutique.
 10189 | D:9      | Noticed a two-headed ogre
 10200 | D:9      | Killed a two-headed ogre
 10348 | D:9      | Reached skill level 5 in Evocations
 10552 | D:9      | Reached skill level 9 in Dodging
 10761 | D:9      | Found Zeda Vakh's Jewellery Boutique.
 10766 | D:9      | Reached **** piety under Wu Jian
 10830 | D:9      | Found Eheluen's Assorted Antiques.
 11064 | D:10     | Entered Level 10 of the Dungeon
 11282 | D:10     | Found a staircase to the Orcish Mines.
 11452 | D:10     | Noticed ForkInBrain's ghost (journeyman CoGl)
 11452 | D:10     | Noticed a centaur warrior
 11453 | D:10     | Found a runed translucent door.
 12066 | D:10     | Found Wuejul's Magic Scroll Boutique.
 12075 | D:10     | Bought a scroll of blinking for 120 gold pieces
 12075 | D:10     | Bought a scroll of revelation for 120 gold pieces
 12075 | D:10     | Bought a scroll of identify for 32 gold pieces
 12190 | D:11     | Noticed a centaur warrior
 12258 | D:11     | Killed a centaur warrior
 12504 | D:11     | Got the Octavo of the Lungs
 12629 | D:11     | Noticed a two-headed ogre
 12635 | D:11     | Killed a two-headed ogre
 12636 | D:11     | Reached XP level 13. HP: 59/113 MP: 13/13
 13267 | D:11     | Found a staircase to the Lair.
 13411 | D:11     | Reached skill level 10 in Dodging
 14262 | D:11     | Reached ***** piety under Wu Jian
 14675 | D:12     | Noticed Nergalle
 14695 | D:12     | Killed Nergalle
 14790 | D:12     | Got the Discursus on the Boulder and Omens
 15068 | Lair:1   | Entered Level 1 of the Lair of Beasts
 15203 | Lair:1   | Noticed Prince Ribbit
 15215 | Lair:1   | Killed Prince Ribbit
 15216 | Lair:1   | Reached skill level 15 in Fighting
 15821 | Lair:1   | Reached skill level 11 in Dodging
 16365 | Lair:2   | Noticed Amaemon
 16581 | Lair:2   | Found a staircase to the Swamp.
 16913 | Lair:2   | Reached skill level 10 in Evocations
 17098 | Lair:2   | Found a hole to the Spider Nest.
 17178 | Lair:1   | Killed Amaemon
 17512 | Lair:2   | Reached XP level 14. HP: 78/123 MP: 14/14
 17521 | Lair:2   | Reached skill level 5 in Armour
 18915 | Lair:3   | Found a blossoming altar of Fedhas.
 19166 | Lair:3   | Reached skill level 1 in Maces & Flails
 19403 | Lair:4   | Reached skill level 12 in Dodging
 19765 | Lair:4   | Reached ****** piety under Wu Jian
 20551 | Lair:5   | Entered Level 5 of the Lair of Beasts
 21325 | Lair:5   | Reached XP level 15. HP: 110/129 MP: 15/15
 21794 | Lair:5   | Reached skill level 5 in Maces & Flails
 22308 | Lair:5   | Reached skill level 13 in Dodging
 22317 | Lair:5   | Identified the +2 ring mail of Raering {rPois rF+ Int-5
                  | Stlth+}
 22479 | Lair:5   | Found a viscous altar of Jiyva.
 22524 | Lair:5   | Found a staircase to the Slime Pits.
 23017 | Orc:1    | Entered Level 1 of the Orcish Mines
 23477 | Orc:1    | Found a roughly hewn altar of Beogh.
 23771 | Orc:2    | Entered Level 2 of the Orcish Mines
 23784 | Orc:2    | Found a staircase to the Elven Halls.
 24291 | Orc:2    | Noticed Azrael
 24903 | Orc:1    | Killed Azrael
 25156 | Orc:2    | Found a shimmering blue altar of Sif Muna.
 25359 | Orc:2    | Noticed an orc warlord
 26008 | Orc:2    | Killed an orc warlord
 26736 | Orc:2    | Found Ixkuqer's Antique Armour Shop.
 26737 | Orc:2    | Found Neugoan's Antique Weapon Boutique.
 26740 | Orc:2    | Found Zuud's General Store.
 26740 | Orc:2    | Found Xuaq's Book Shop.
 26949 | D:13     | Found a transporter.
 26984 | D:13     | Found a gate to the Vaults.
 26998 | D:13     | Reached XP level 16. HP: 123/136 MP: 16/16
 27185 | D:13     | Reached skill level 15 in Evocations
 27729 | D:13     | Found a transporter.
 28306 | D:13     | Identified the +1 helmet of the Hurting Gods {Fly rPois}
 28724 | D:14     | Reached skill level 14 in Dodging
 28833 | D:13     | Acquired a pneumatic core {rC+ Will+ Clar RMsl}
 29365 | D:15     | Entered Level 15 of the Dungeon
 29642 | D:15     | Reached skill level 10 in Armour
 30373 | D:15     | Found a staircase to the Depths.
 31611 | Swamp:1  | Entered Level 1 of the Swamp
 31676 | Swamp:1  | Noticed a fenstrider witch
 31757 | Swamp:1  | Killed a fenstrider witch
 32181 | Swamp:1  | Identified the +5 rapier "Murmur" {heavy, rCorr MP-9 SInv}
 32809 | Swamp:2  | Found a shadowy altar of Dithmenos.
 33157 | Swamp:2  | Reached XP level 17. HP: 144/144 MP: 17/17
 33288 | Swamp:2  | Noticed Donald
 33289 | Swamp:2  | Noticed Nikola
 33302 | Swamp:2  | Killed Donald
 33325 | Swamp:2  | Killed Nikola
 33583 | Swamp:2  | Reached skill level 15 in Dodging
 34343 | Swamp:3  | Found Vedghuze's Island Escapes.
 34347 | Swamp:3  | Bought a scroll of blinking for 120 gold pieces
 34347 | Swamp:3  | Bought a scroll of blinking for 120 gold pieces
 34347 | Swamp:3  | Bought a scroll of blinking for 120 gold pieces
 34347 | Swamp:3  | Bought a scroll of blinking for 120 gold pieces
 34347 | Swamp:3  | Bought a scroll of fog for 64 gold pieces
 34347 | Swamp:3  | Bought a potion of enlightenment for 80 gold pieces
 34347 | Swamp:3  | Bought a potion of invisibility for 128 gold pieces
 35386 | Swamp:4  | Entered Level 4 of the Swamp
 37269 | Swamp:4  | Got a decaying rune of Zot
 37340 | Swamp:4  | Noticed a tentacled monstrosity
 37353 | Swamp:4  | Killed a tentacled monstrosity
 37395 | Swamp:4  | Reached XP level 18. HP: 147/155 MP: 18/18
 37513 | Spider:1 | Entered Level 1 of the Spider Nest
 37525 | Lair:2   | Reached skill level 16 in Dodging
 37872 | Spider:1 | Noticed Louise
 37896 | Spider:1 | Killed Louise
 41699 | Spider:3 | Noticed Arachne
 42168 | Spider:3 | Noticed Asterion
 42209 | Spider:3 | Killed Asterion
 42847 | Spider:3 | Reached skill level 17 in Dodging
 42988 | Spider:3 | Reached XP level 19. HP: 164/164 MP: 19/19
 43090 | Spider:3 | Killed Arachne
 43284 | Spider:3 | Identified the serpent talisman of Nihilism {rN+++ MP-9
                  | Dex+5}
 43284 | Spider:3 | Noticed Aizul
 43317 | Spider:3 | Killed Aizul
 44179 | Spider:4 | Entered Level 4 of the Spider Nest
 44509 | Spider:4 | Identified a scroll of acquirement
 44510 | Spider:4 | Acquired 1002 gold pieces
 46337 | Spider:4 | Got a gossamer rune of Zot
 47036 | Vaults:1 | Entered Level 1 of the Vaults
 47079 | Vaults:1 | Reached skill level 15 in Armour
 47102 | Vaults:1 | Reached skill level 18 in Dodging
 47257 | Vaults:1 | Found a magical portal.
 47298 | WizLab   | Entered Borgnjor's Mausoleum
 48158 | Vaults:1 | Identified the +2 mace "Zoamyil" {freeze, Dex+3}
 48436 | Vaults:1 | Reached XP level 20. HP: 99/174 MP: 20/20
 49218 | Vaults:1 | Reached skill level 19 in Dodging
 50620 | Vaults:2 | Reached skill level 20 in Dodging
 52545 | Vaults:3 | Noticed Mara
 52605 | Vaults:3 | You are sucked into a shaft and drop 1 floor!
 52760 | Vaults:4 | Reached skill level 21 in Dodging
 52869 | Vaults:3 | Found Yssi's Armour Shoppe.
 53191 | Vaults:3 | Noticed gimp's illusion
 53202 | Vaults:3 | Killed Mara
 53203 | Vaults:3 | Reached XP level 21. HP: 154/180 MP: 21/21
 53424 | Vaults:3 | Gained mutation: You are dopey. (Int -2) [a shining eye]
 53870 | Vaults:3 | Found a staircase to the Crypt.
 54841 | Vaults:4 | Reached skill level 22 in Dodging
 56020 | Depths:1 | Entered Level 1 of the Depths
 56299 | Depths:1 | Found Icol's Jewellery Shoppe.
 56300 | Depths:1 | Found Yhoosiqa's Book Shop.
 56300 | Depths:1 | Found Gisethre's Book Shop.
 56515 | Depths:1 | Noticed a bone dragon
 56547 | Depths:1 | Killed a bone dragon
 56820 | Depths:1 | Found a gateway to Hell.
 57788 | Depths:1 | Found a one-way gate leading to the halls of Pandemonium.
 57878 | Depths:1 | Found a one-way gateway to a ziggurat.
 58253 | Depths:1 | Reached skill level 23 in Dodging
 59707 | Depths:2 | Reached XP level 22. HP: 65/187 MP: 6/22
 59711 | Depths:2 | HP: 4/187 [spriggan defender/+6 quick blade of
                  | electrocution (23)]
 59712 | Depths:2 | Found the +8 arc blade {discharge, rElec}
 60138 | D:9      | Bought a runed hat for 252 gold pieces
 60196 | D:10     | Killed ForkInBrain's ghost
 60390 | Depths:2 | Reached skill level 1 in Short Blades
 61193 | Depths:2 | Noticed the Enchantress
 61225 | Depths:2 | Killed the Enchantress
 61266 | Depths:2 | Noticed a caustic shrike
 61280 | Depths:2 | Killed a caustic shrike
 62679 | Depths:2 | Reached skill level 5 in Short Blades
 62864 | Depths:2 | Found a one-way gate to the infinite horrors of the Abyss.
 62932 | Depths:2 | Identified the ring of Law {rN++ Will+ rCorr Int+6}
 63503 | Depths:3 | Paralysed by a hornet for 3 turns
 63856 | Depths:3 | Noticed a juggernaut
 63866 | Depths:3 | Killed a juggernaut
 64192 | Depths:3 | Noticed an ancient lich
 64671 | Depths:2 | Noticed a caustic shrike
 64678 | Depths:2 | Killed a caustic shrike
 64967 | Depths:3 | Killed an ancient lich
 65001 | Depths:3 | Got Heull's Omnibus of Star-crossed Wanderlust
 65415 | Depths:4 | Entered Level 4 of the Depths
 65502 | Depths:4 | Reached XP level 23. HP: 190/196 MP: 23/23
 66087 | Depths:4 | Found an ornate altar of the Wu Jian Council.
 66450 | Depths:4 | Noticed Margery
 66462 | Depths:4 | Killed Margery
 67374 | Depths:4 | Found a shadowy altar of Dithmenos.
 67876 | Elf:1    | Entered Level 1 of the Elven Halls
 67956 | Elf:1    | Found Hut Decaxipn's Assorted Antiques.
 67977 | Elf:1    | Bought a potion of curing for 69 gold pieces
 67977 | Elf:1    | Bought a potion of curing for 69 gold pieces
 68371 | Elf:1    | Reached skill level 24 in Dodging
 68889 | Elf:2    | Noticed Jorgrun
 68893 | Elf:2    | Noticed Norris
 69074 | Elf:1    | Killed Jorgrun
 69389 | Elf:2    | Reached skill level 10 in Short Blades
 69549 | Elf:2    | Killed Norris
 70017 | Elf:2    | Found a radiant altar of Vehumet.
 70043 | Elf:2    | Found a runed translucent gate.
 70043 | Elf:2    | Found a runed translucent gate.
 70057 | Elf:2    | Found a runed translucent gate.
 71118 | Elf:2    | Reached XP level 24. HP: 205/205 MP: 23/23
 71638 | Elf:3    | Entered Level 3 of the Elven Halls
 72859 | Elf:3    | Identified the ring of the Monkey's Uncle {Wiz rN+ Str+2}
 72976 | Elf:3    | Identified the ring "Pam Off" {Int+6 Slay+5}
 73254 | Elf:3    | Identified the ring "Qaufyhut" {rPois rN+ rCorr SInv
                  | Stlth-}
 73488 | Elf:3    | Identified the +0 morningstar of Yeast {drain, Fly rN++
                  | Int-2}
 73490 | Elf:3    | Identified the +1 war axe of Calamity {flame, Fly rC+ rN++
                  | Dex-4}
 73492 | Elf:3    | Got Kusoos's Meditations on the Fault
 73494 | Elf:3    | Identified the +0 leather armour "Xiro" {Str-3 Int+3}
 73495 | Elf:3    | Identified the staff "Vuxebit" {rF+ rC+ Will++ Fire}
 73954 | Vaults:5 | Entered Level 5 of the Vaults
 74327 | Vaults:5 | Identified the +1 lajatang of the Puckish God {freeze,
                  | rPois rF+++ Will- Stlth+}
 74336 | Vaults:5 | Identified the staff of Pestilence {rF+ Will+ Summ Fire}
 74550 | Vaults:5 | Identified the +1 ring mail of Femarynt {-Cast rC+ Will+
                  | Str+6}
 74582 | Vaults:5 | Found Widoumoa's Jewellery Shoppe.
 74710 | Vaults:5 | Got the Cyclopedia of the Nimbus and the Grave
 74736 | Vaults:5 | Noticed a dread lich
 74750 | Vaults:5 | Killed a dread lich
 74795 | Vaults:5 | Noticed an ancient lich
 74812 | Vaults:5 | Killed an ancient lich
 74990 | Vaults:5 | Reached skill level 25 in Dodging
 75008 | Vaults:5 | Identified the ring of Koil {rElec rPois SInv}
 75030 | Vaults:5 | Reached XP level 25. HP: 216/216 MP: 23/23
 75193 | Vaults:5 | Identified the +8 plate armour of the Slug {rPois MP+9
                  | Stlth+}
 75436 | Vaults:5 | Identified the +1 bardiche of Lywnonet {heavy, Fly Dex+5}
 75459 | Vaults:5 | Got a silver rune of Zot
 75799 | Vaults:5 | Got Sif Muna's Grimoire of Snowing Toxicants
 75971 | Vaults:5 | Identified the +1 falchion of Xotwoshre {spect, rCorr}
 76368 | Slime:1  | Entered Level 1 of the Pits of Slime
 76368 | Slime:1  | Found a viscous altar of Jiyva.
 76612 | Slime:5  | Entered Level 5 of the Pits of Slime
 76843 | Slime:5  | Found the +4 consecrated labrys {holy, Valiant ^Fragile Fly
                  | SInv}
 76886 | Slime:5  | Noticed the Royal Jelly
 76899 | Slime:5  | Killed the Royal Jelly
 76946 | Slime:5  | Got a starry gem with 87 turns to spare
 76948 | Slime:5  | Got a slimy rune of Zot
 76951 | Slime:5  | Identified the +0 chain mail of the Morning Star {Harm
                  | ^Drain rPois Str-3}
 77080 | Slime:5  | Identified the +0 scale mail of Tender Moments {Dex+5}
 77149 | Slime:5  | Found the +6 arbalest "Damnation" {damnation}
 77162 | Slime:5  | Identified the +3 sling of Hanueppi {heavy, rPois rC-
                  | Will++ Int-3}
 77626 | Depths:4 | Found a gate to the Realm of Zot.
 77686 | Hell     | Entered the Vestibule of Hell
 77686 | Hell     | Noticed Geryon
 77733 | Zot:1    | Entered Level 1 of the Realm of Zot
 77924 | Zot:1    | Noticed Vv
 78666 | Depths:4 | Killed Vv
 78667 | Depths:4 | Reached skill level 26 in Dodging
 78943 | Zot:1    | Identified the dragon-blood talisman of Quiet Fog {Str+4
                  | Int+4}
 79970 | Zot:2    | Reached XP level 26. HP: 221/228 MP: 23/23
 80875 | Zot:3    | Noticed a dread lich
 80897 | Zot:3    | Killed a dread lich
 81522 | Zot:3    | Noticed an orb of fire
 81530 | Zot:3    | Gained mutation: Your health recovers twice as slowly from
                  | being drained. [an orb of fire]
 81539 | Zot:3    | Killed an orb of fire
 81908 | Zot:3    | Noticed an orb of fire
 81911 | Zot:3    | Gained mutation: Armour fits poorly on your strangely
                  | shaped body. [an orb of fire]
 81912 | Zot:3    | Gained mutation: You sometimes lose your temper in combat.
                  | [an orb of fire]
 81916 | Zot:3    | Killed an orb of fire
 81917 | Zot:3    | Lost mutation: You are dopey. (Int -2) [potion of mutation]
 81917 | Zot:3    | Lost mutation: You sometimes lose your temper in combat.
                  | [potion of mutation]
 81917 | Zot:3    | Gained mutation: You are agile. (Dex +4, Str/Int -1)
                  | [potion of mutation]
 81917 | Zot:3    | Gained mutation: Your flesh is heat resistant. (rF+)
                  | [potion of mutation]
 81917 | Zot:3    | Gained mutation: You have supernaturally acute eyesight.
                  | (SInv) [potion of mutation]
 81949 | Zot:3    | Noticed a Killer Klown
 81957 | Zot:3    | Killed a Killer Klown
 82520 | Zot:4    | Identified the ring of Qyzxa {Ice Dex+2}
 82520 | Zot:4    | Noticed Josephina
 82956 | Zot:4    | Reached XP level 27. HP: 235/235 MP: 23/23
 83177 | Zot:4    | Killed Josephina
 83671 | Zot:5    | Entered Level 5 of the Realm of Zot
 84204 | Zot:5    | Reached skill level 27 in Dodging
 84604 | Zot:5    | Gained mutation: Your magical capacity is low. (-10% MP) [a
                  | cacodemon]
 84768 | Zot:5    | Noticed an orb of fire
 84785 | Zot:5    | Killed an orb of fire
 84863 | Zot:5    | Noticed a dread lich
 84872 | Zot:5    | Noticed an orb of fire
 84886 | Zot:5    | Noticed an orb of fire
 84892 | Zot:5    | Noticed an ancient lich
 84904 | Zot:5    | Killed an ancient lich
 85163 | Zot:5    | Got the Orb of Zot
 85232 | Zot:5    | Lost mutation: You are agile. (Dex +4, Str/Int -1) [an orb
                  | of fire]
 85235 | Zot:5    | Gained mutation: Your spells are a little easier to cast,
                  | but a little less powerful. [an orb of fire]
 85246 | Zot:5    | Killed an orb of fire
 85934 | D:$      | Escaped with the Orb!

Illustrated notes

Levels and vault maps discovered:
D:1:      zaba_arrival_water, layout_basic
D:2:      layout_basic, nicolae_ecumenical_oubliette
D:3:      layout_rooms, mainiacjoe_overflow_24_doors,
          yredelemnul_forgotten_temple_becter, serial_bayou,
          serial_bayou_lake_a, serial_bayou_lagoon_a, serial_bayou_pond_d,
          serial_bayou_pond_d, minmay_box_of_dots
D:4:      layout_rooms, gammafunk_temple_overflow_elements
D:5:      layout_loops_cross, hangedman_ru_absence, minivault_25
D:6:      minmay_cornered_nines, layout_loops_corners,
          ashenzari_conservatory_becter, minmay_temple_entry_wispy
D:7:      layout_cave_pods, minmay_misc_feat_iff
D:8:      layout_loops_corners, makhleb_blood_cavern_becter,
          nicolae_zig_zag_zippers, uniq_erica
D:9:      cheibrodos_fzero, layout_grid_maze, enter_bailey_2, serial_shops,
          nicolae_shop_peninsula, nicolae_take_the_stairs,
          nicolae_shop_real_fake_doors, nicolae_shop_gaudy_bauble,
          nicolae_shop_just_a_little_nook, uniq_erolcha, uniq_pikel, uniq_psyche
D:10:     layout_basic, david_orc_2, ebering_ghost_inner_flame, serial_shops,
          nicolae_lakefront_shop, minivault_26
D:11:     kennysheep_big_flooded_room, layout_loops_ring, david_lair_shrubbed,
          serial_library, serial_library_hellmonk_hallway_a,
          serial_library_regret_index_branch_corner,
          serial_library_hellmonk_reading_circle,
          serial_library_hellmonk_semicircle, serial_library_hellmonk_u_bend,
          serial_library_regret_index_headful,
          serial_library_hellmonk_open_cross
D:12:     layout_cave_pools, lightli_wizard_tower, uniq_nergalle
D:13:     gammafunk_worm_tunnel, layout_long_grid, erik_vaults_2,
          kennysheep_generic_room_13
D:14:     layout_rooms
D:15:     gammafunk_depths_entry_grave, layout_loops_ring,
          hangedman_abyss_or_decor_clamps
Lair:1:   layout_regular_city, uniq_prince_ribbit2
Lair:2:   layout_roguey, mainiacjoe_swamp_entry_lozenge_pond,
          hellmonk_spider_entry_life_and_decay, grunt_megastairs_1, uniq_amaemon
Lair:3:   layout_cave_pods, minmay_holes, chequers_serial_rivers_large_b,
          hangedman_tree_tricks, small_statue_intersection
Lair:4:   dreamdust_cave_troll, layout_hall_layers, infiniplex_staircase_pool_2,
          grunt_megastairs_2
Lair:5:   hangedman_lair_in_review, layout_small_grid,
          minmay_slime_entry_pillars, lookout_lair_type
Swamp:1:  layout_basic_swamp, nicolae_swamp_well_well_well,
          infiniplex_staircase_pool
Swamp:2:  layout_basic_swamp, nicolae_swamp_orc_logging_accident,
          swamp_pool_1_2, lemuel_altar_in_water, hangedman_swamp_phenomena,
          uniq_nikola, uniq_donald
Swamp:3:  layout_basic_swamp, evilmike_swamp_ruin_house_1, swamp_pool_3,
          nicolae_island_escapes, nicolae_swamp_decorative_isthmus
Swamp:4:  nzn_swamp_witches_coven, layout_basic_swamp
Spider:1: layout_spider_delve, dreamdust_wasp_nest, uniq_louise
Spider:2: layout_spider_delve, nicolae_spider_nooks_and_crannies
Spider:3: layout_chambers, nicolae_arachne_temple, uniq_asterion, uniq_aizul
Spider:4: hellmonk_spider_rune_endless_swarm
Slime:1:  layout_caves, basic_altar
Slime:2:  layout_caves
Slime:3:  layout_caves
Slime:4:  cheibrodos_slime_lost_civilization_9, layout_caves
Slime:5:  slime_pit_nicolae_inversion
Orc:1:    layout_caves, mines1_david
Orc:2:    st_orc_congregation, layout_diamond_mine, kennysheep_orc_sif_temple,
          uniq_azrael
Elf:1:    eino_elf_arrival_sip, layout_onion_city, serial_shops, shop_coins,
          guppyfry_library_mini
Elf:2:    nicolae_elf_blades_splatter_lattice [nicolae_blade_lattice],
          layout_geoelf_octagon, basic_altar, glass_columns_a, uniq_norris,
          uniq_jorgrun
Elf:3:    elf_hall_gauntlet_narrow, layout_loops_corners
Vaults:1: infiniplex_enter_wizlab_water, v_pattern_1, st_octagons_2, v_misc_29,
          ontoclasm_vaults_misaligned, nicolae_vaults_house_1,
          serial_library_regret_index_small_wings, nicolae_vaults_tetromino_T_1,
          v_misc_22, grunt_vaults_funnel, ontoclasm_vaults_hangar,
          v_alt_pattern_5, nicolae_vaults_surprise_closet,
          nicolae_vaults_tetromino_L_2, layout_vaults_omnibox
Vaults:2: vaults_mumra_minichess, v_alt_pattern_2, v_alt_pattern_2,
          nicolae_vaults_tetromino_Z_2, nicolae_vaults_bisected_exclaves,
          nicolae_vaults_meiosis, vaults_room_semicircle,
          ontoclasm_vaults_fault, ontoclasm_vaults_hangar,
          nicolae_vaults_cochlea, nicolae_vaults_network_periphery,
          layout_vaults_maze_bifur
Vaults:3: dpeg_vaults_monster_box, nicolae_vaults_shipping_containers_6,
          vaults_dpeg_encased_lava, hangedman_vaults_capsules,
          ontoclasm_vaults_hangar, nicolae_vaults_door_testing_chamber,
          nicolae_vaults_taking_the_gang_shopping,
          minmay_crypt_entry_simple_box, layout_vaults_chaotic_city, uniq_mara
Vaults:4: nicolae_vaults_trapezoid_1, ontoclasm_vaults_decontamination,
          nicolae_vaults_house_1, hangedman_vaults_nails,
          nicolae_vaults_storage_closets_1, vaults_dpeg_doors,
          hangedman_vaults_restitches, layout_vaults_omnicross
Vaults:5
Depths:1: layout_small_grid, enter_ziggurat_b, pan_entry, grunt_mini_vestibule,
          fountainhead, minmay_fractal_squares_gapless_7, minmay_shop_grove
Depths:2: hellmonk_hyper_hexagons [hex_subvault_filled, hex_subvault_bug,
          hex_subvault_dug_out, hex_subvault_one_slice, hex_subvault_empty,
          hex_subvault_bowtie], pan_entry, hell_entry, abyss_entry
Depths:3: lemuel_minitomb, layout_gridlike, special_room
          [special_room_magic_class], hell_entry, pan_entry,
          grunt_decor_junction, abyss_entry_small_statue_room,
          serial_library_hellmonk_small_alcove,
          minmay_staircase_statues_hall_small
Depths:4: grunt_zot_entry_hairpin, layout_gridville, nzn_wu_jian_council_hall,
          hell_entry, abyss_entry, grunt_dithmenos_smoke, uniq_margery
Hell
Zot:1:    layout_onion, hangedman_zot_decor_unnerving_road, uniq_vv
Zot:2:    layout_cathedral_of_symmetry, hangedman_zot_decor_slant,
          grunt_megastairs_5
Zot:3:    grunt_deathspiral_small, layout_concentric_octagons,
          regret_index_zotdec_dark_gr
Zot:4:    layout_basic, uniq_josephina
Zot:5:    layout_cellular_growth, regret_index_zotdec_onion_hex

Skill      XL: |  1  2  3  4  5  6  7  8  9 10 11 12 13 14 15 16 17 18 19 20 21 22 23 24 25 26 27 |
---------------+----------------------------------------------------------------------------------+-----
Dodging        | 1 2 3 5 6 8 9 11 12 13 14 15 17 18 21 23 24 25 26 27 | 27.0
Long Blades    | 3 4 5 6 8 11 12 14 | 14.2
Fighting       | 4 5 7 11 14 15 16 17 18 19 20 21 23 24 | 24.2
Evocations     | 7 10 12 14 15 16 18 19 | 19.0
Armour         | 4 7 9 11 12 13 15 16 18 20 | 20.6
Maces & Flails | 4 6 |  6.0
Short Blades   | 7 10 11 | 11.4
Shields        | |  2.1

Action                     |  1- 3 |  4- 6 |  7- 9 | 10-12 | 13-15 | 16-18 | 19-21 | 22-24 | 25-27 || total
---------------------------+-------+-------+-------+-------+-------+-------+-------+-------+-------++-------
  Melee: Long sword        |    79 |   157 |   246 |    33 |       |       |       |       |       ||   515
         Dagger            |    45 |       |       |       |       |       |       |       |       ||    45
         Short sword       |    23 |   142 |   160 |   388 |   300 |       |       |       |       ||  1013
         Whip              |       |       |    75 |       |   725 |  1196 |  1568 |     8 |       ||  3572
         Scimitar          |       |       |       |   380 |  1086 |  1243 |  1697 |   582 |       ||  4988
         Rapier            |       |       |       |       |       |       |       |  1367 |  1358 ||  2725
         Demon blade       |       |       |       |       |       |       |       |   779 |  1410 ||  2189
         Quick blade       |       |       |       |       |       |       |       |       |    12 ||    12
  Throw: Dart              |       |       |     2 |     8 |       |       |       |     1 |       ||    11
 Invoke: Serpent's Lash    |       |       |       |       |     1 |     1 |     1 |     1 |     3 ||     7
         Heavenly Storm    |       |       |       |       |       |       |       |       |     2 ||     2
Ability: Lunge             |       |     2 |    10 |    26 |    82 |    72 |    94 |    69 |    88 ||   443
         Whirlwind         |       |       |       |    12 |    76 |    73 |   325 |    39 |   288 ||   813
         Invent Gizmo      |       |       |       |       |       |     1 |       |       |       ||     1
         Wall Jump         |       |       |       |       |       |     4 |     3 |       |       ||     7
  Evoke: Wand              |       |       |       |     5 |    11 |    11 |    14 |    10 |     7 ||    58
         Box of beasts     |       |       |       |       |     2 |     4 |     3 |     2 |     1 ||    12
         Phial of floods   |       |       |       |       |     1 |     2 |       |     1 |       ||     4
         Phantom mirror    |       |       |       |       |       |       |       |     2 |     1 ||     3
         Lightning rod     |       |       |       |       |       |       |       |     4 |       ||     4
         Condenser vane    |       |       |       |       |       |       |       |       |     1 ||     1
    Use: Potion            |       |     1 |     2 |    13 |     2 |     6 |     4 |     2 |    11 ||    41
         Scroll            |       |       |       |    15 |     4 |    12 |     9 |    10 |    27 ||    77
   Stab: Sleeping          |       |       |       |     2 |       |     7 |     9 |       |     3 ||    21
         Paralysed         |       |       |       |       |     7 |     5 |    24 |       |       ||    36
         Petrifying        |       |       |       |       |     4 |       |       |       |       ||     4
         Distracted        |       |       |       |       |       |     3 |     4 |     2 |     1 ||    10
         Invisible         |       |       |       |       |       |       |     3 |     1 |       ||     4
 Armour: Scale mail        |    57 |    95 |       |       |       |       |       |       |       ||   152
         Ring mail         |       |    18 |   151 |       |       |   615 |   822 |  1185 |   995 ||  3786
         Steam dragon scal |       |       |     7 |   242 |   209 |       |       |       |       ||   458
         Acid dragon scale |       |       |       |       |   364 |   211 |       |     7 |   141 ||   723
  Dodge: Dodged            |    38 |    68 |   135 |   279 |   796 |  1084 |  1391 |  1068 |  1191 ||  6050
         Repelled          |       |       |       |       |       |    40 |    35 |    79 |    82 ||   236
         Form:             |       |       |       |       |       |       |       |       |     1 ||     1
         Dragon            |       |       |       |       |       |       |       |       |     1 ||     1

Table legend: (Time is in decaauts)
 A = Elapsed time spent in this place.
 B = Non-inter-level travel time spent in this place.
 C = Inter-level travel time spent in this place.
 D = Time resting spent in this place.
 E = Time spent auto-exploring this place.
 F = Levels seen in this place.
 G = Mean time per level.
                   A        B        C        D        E       F      G
               +--------+--------+--------+--------+--------+-----+--------+
         Total |  84466 |  79412 |   5054 |   7021 |  57451 |  55 | 1535.7 |
       Dungeon |  19962 |  18376 |   1586 |    801 |  14434 |  15 | 1330.8 |
          Lair |   8869 |   8022 |    847 |    223 |   6604 |   5 | 1773.8 |
         Swamp |   5711 |   5529 |    182 |    124 |   4371 |   4 | 1427.8 |
   Spider Nest |   8745 |   8545 |    200 |    485 |   6483 |   4 | 2186.2 |
    Slime Pits |    816 |    753 |     63 |    159 |     91 |   5 |  163.2 |
  Orcish Mines |   3741 |   3528 |    213 |    292 |   2594 |   2 | 1870.5 |
   Elven Halls |   5653 |   5383 |    270 |    996 |   3323 |   3 | 1884.3 |
        Vaults |  10998 |  10428 |    570 |    392 |   8323 |   5 | 2199.6 |
        Depths |  12965 |  12149 |    816 |   2803 |   7035 |   4 | 3241.2 |
          Hell |      1 |      1 |      0 |      0 |      0 |   1 |    1.0 |
           Zot |   6198 |   5895 |    303 |    667 |   3777 |   5 | 1239.6 |
        Bailey |    765 |    765 |      0 |     75 |    395 |   1 |  765.0 |
        Wizlab |     37 |     37 |      0 |      0 |     19 |   1 |   37.0 |
               +--------+--------+--------+--------+--------+-----+--------+

Top non-repeatable levels by time:
Depths:2: 4507 daAuts
Depths:1: 3330 daAuts
Depths:4: 3271 daAuts
Vaults:1: 2881 daAuts
Vaults:3: 2830 daAuts
Spider:4: 2614 daAuts
   Elf:2: 2297 daAuts
   Orc:1: 2232 daAuts
Spider:1: 2209 daAuts
    D:11: 2183 daAuts
   Zot:3: 2167 daAuts
  Lair:5: 2124 daAuts
Vaults:4: 2115 daAuts
  Lair:2: 2049 daAuts
  Lair:1: 2039 daAuts
